 Dungeon Crawl Stone Soup version 0.22.1-1-ga44c0e5 (webtiles) character file.

205 Folque the Digger (level 5, -1/42 HPs)
             Began as a Draconian Earth Elementalist on Oct 13, 2018.
             Killed by nerve-wracking pain
             ... invoked by an orc priest
              (6 damage)
             ... on level 3 of the Dungeon.
             The game lasted 00:07:19 (2115 turns).

Folque the Digger (Draconian Earth Elementalist)    Turns: 2115, Time: 00:07:20

Health: -1/42      AC:  5    Str: 10    XL:     5   Next: 52%
Magic:  0/9        EV: 12    Int: 17    God:
Gold:   146        SH:  0    Dex: 11    Spells: 4/10 levels left

rFire    . . .     SeeInvis .   k - +0 dagger
rCold    . . .     Gourm    .   (no shield)
rNeg     . . .     Faith    .   (armour unavailable)
rPois    .         Spirit   .   (helmet restricted)
rElec    .         Reflect  .   (no cloak)
rCorr    .         Harm     .   (no gloves)
MR       .....                  (no boots)
Stlth    ++........             (no amulet)
HPRegen  0.14/turn              (no ring)
MPRegen  0.11/turn              (no ring)

@: no status effects
A: unfitting armour, cold-blooded, AC +5
a: no special abilities


You were on level 3 of the Dungeon.
You were not hungry.

You visited 1 branch of the dungeon, and saw 3 of its levels.

You collected 146 gold pieces.

Inventory:

Hand Weapons
 e - a +0 hunting sling
 h - a +1 whip of venom
 k - a +0 dagger (weapon)
Missiles
 b - 38 stones (quivered)
Armour
 i - a +2 pair of gloves
Jewellery
 f - a cursed ring of teleportation {unknown}
Scrolls
 a - a scroll of fear
 d - a scroll of blinking {unknown}
 g - a scroll of enchant armour
Comestibles
 c - 2 rations
 j - 2 chunks of flesh


   Skills:
 + Level 2.7 Fighting
 - Level 1.7 Dodging
 - Level 1.7 Stealth
 - Level 3.1 Spellcasting
 * Level 0.2 Conjurations
 - Level 1.0 Transmutations
 + Level 4.9 Earth Magic


You had 4 spell levels left.
You knew the following spells:

 Your Spells              Type           Power        Failure   Level  Hunger
a - Sandblast             Erth           ###...       2%          1    None
b - Passwall              Tmut/Erth      ##......     8%          2    ##.....
c - Stone Arrow           Conj/Erth      ##....       19%         3    ###....

Your spell library contained the following spells:

 Spells                   Type           Power        Failure   Level  Hunger
 Petrify                  Tmut/Erth      ##......     45%         4    ####...
 Lee's Rapid Deconstruct  Erth           ###.......   54%         5    ######.


Dungeon Overview and Level Annotations

Branches:
Dungeon (3/15)

Altars:


Innate Abilities, Weirdness & Mutations

Your plain brown scales are hard. (AC +5)
You cannot fit into any form of body armour.
You are cold-blooded and may be slowed by cold attacks.


Message History

The orc priest barely misses you.
You hit the orc priest but do no damage.
The orc priest is severely wounded.
The orc priest hits you but does no damage.
You hit the orc priest but do no damage.
The orc priest is severely wounded.
You hit the orc priest.
The orc priest is almost dead.
The orc priest mumbles some strange prayers to Beogh against you.
Pain shoots through your body!
You barely miss the orc priest.
Your tail-slap misses the orc priest.
The orc priest is almost dead.
The orc priest invokes the aid of Beogh against you.
Beogh smites you!
* * * LOW HITPOINT WARNING * * *
You hit the orc priest but do no damage.
The orc priest is almost dead.
The orc priest calls down the wrath of Beogh upon you.
Pain shoots through your body!
You die...

#.#≈≈..≈..≈⌠.≈.(.≈≈#
#.#≈≈..≈..≈..≈..≈≈≈#
#.##≈...≈≈..≈..≈≈≈## #.#
#.......≈..≈.## #.#
#........≈≈).#
#.###...........)##
#.##..............#
#.########..##########
#......# #..)o@......#
######.# #.#########.#
#.# #.# #.# #.######
########.# #......#
.......#.# ######.#
######.#.########.#######
#### #.#.................
.... #.##########.#######
###


You could see an orc priest.

Vanquished Creatures
  An ice beast (D:3)
  Natasha (twice) (D:2)
  An orc wizard (D:3)
  An adder (D:2)
  2 worms (D:2)
  A leopard gecko (D:2)
  2 orcs (D:3)
  6 bats
  4 giant cockroaches
  7 goblins
  4 hobgoblins
  3 kobolds
  A frilled lizard (D:1)
  13 rats
48 creatures vanquished.

Notes
Turn   | Place    | Note
-------+----------+-------------------------------------------
     0 | D:1      | Folque the Draconian Earth Elementalist began the quest for
                  | the Orb.
     0 | D:1      | Reached XP level 1. HP: 14/14 MP: 3/3
   186 | D:1      | You fall through a shaft!
   297 | D:2      | Reached XP level 2. HP: 5/22 MP: 3/5
   301 | D:2      | Reached skill level 1 in Fighting
   921 | D:2      | Reached XP level 3. HP: 27/28 MP: 6/6
   956 | D:2      | Noticed Natasha
   960 | D:2      | Killed Natasha
   991 | D:2      | Learned a level 2 spell: Passwall
   995 | D:2      | Learned a level 3 spell: Stone Arrow
  1037 | D:2      | Noticed Natasha
  1048 | D:2      | Reached skill level 4 in Earth Magic
  1103 | D:2      | Reached XP level 4. HP: 9/36 MP: 0/7
  1342 | D:2      | Killed Natasha
  1927 | D:3      | Noticed an ice beast
  1936 | D:3      | Killed an ice beast
  1936 | D:3      | Reached XP level 5. HP: 42/42 MP: 1/9
  2115 | D:3      | Killed from afar by an orc priest

Skill      XL: |  1  2  3  4 |
---------------+-------------+-----
Fighting       | 1 2 |  2.7
Earth Magic    | 4 |  4.9
Spellcasting   | 3 |  3.1
Dodging        | |  1.7
Stealth        | |  1.7
Conjurations   | |  0.2
Transmutations | |  1.0

Action                   |  1- 3 |  4- 6 || total
-------------------------+-------+-------++-------
Melee: Unarmed           |   162 |    25 ||   187
       Tailslap          |    13 |     6 ||    19
       Dagger            |       |    30 ||    30
 Cast: Sandblast         |    16 |    11 ||    27
       Stone Arrow       |     1 |     8 ||     9
       Passwall          |       |     1 ||     1
  Use: Scroll            |     3 |     2 ||     5
 Stab: Sleeping          |     5 |       ||     5
  Eat: Chunk             |     1 |     4 ||     5
Armor: Skin              |    53 |    19 ||    72
Dodge: Dodged            |   104 |    49 ||   153
